 Dungeon Crawl Stone Soup version 0.28.0-53-g5a82cb258f (webtiles) character file.

Game seed: 9553871516994625552

1892 buhh the Changer (level 9, -9/69 (73) HPs)
             Began as an Octopode Transmuter on June 20, 2022.
             Was a Follower of Cheibriados.
             Killed by an exploding cyan ugly thing (24 damage)
             ... ignited by their inner flame
             ... on level 7 of the Dungeon.
             The game lasted 00:19:27 (8129 turns).

buhh the Changer (Octopode Transmuter)              Turns: 8129, Time: 00:19:27

HP:   -9/69 (73)    AC:  8    Str: 12    XL:     9   Next: 15%
MP:   11/13         EV: 10    Int: 23    God:    Cheibriados [*.....]
Gold: 223           SH:  0    Dex: 15    Spells: 2/12 levels left

rFire   . . .      SeeInvis .     - Unarmed
rCold   + + +      Faith    .   (shield currently unavailable)
rNeg    . . .      Spirit   .   (helmet currently unavailable)
rPois   +          Reflect  .   d - amulet of regeneration
rElec   .          Harm     .   h - ring of protection from cold
rCorr   .          Rampage  .   j - ring of fire
Will    .....                   (no ring)
Stlth   ++........              (no ring)
HPRegen 1.01/turn               (no ring)
MPRegen 0.13/turn               (no ring)
                                (no ring)
                                (no ring)

@: ice-form, lightly drained, very slow
A: freezing attack, boosted hp, almost no armour, amphibious, 8 rings, large,
(camouflage 1), (gelatinous body 1), (nimble swimmer 1), (tentacles)
a: End Transformation, Renounce Religion, Bend Time


You were on level 7 of the Dungeon.
You worshipped Cheibriados.
Cheibriados was aware of your devotion.
You were a creature of crystalline ice.
You visited 1 branch of the dungeon, and saw 7 of its levels.

You collected 247 gold pieces.
You spent 24 gold pieces at shops.

Inventory:

Missiles
 c - 2 poisoned darts
 e - a curare-tipped dart
 g - 2 throwing nets {!f}
Armour
 a - a +0 buckler
Magical Staves
 f - a staff of earth
Jewellery
 d - an amulet of regeneration (around neck)
 h - a ring of protection from cold (left front paw)
 j - a ring of fire (right front paw)
Scrolls
 i - a scroll of silence {!r}
 p - a scroll of teleportation {unknown}
 P - 2 scrolls of magic mapping {!r!d}
 Z - a scroll of enchant armour
Potions
 k - a potion of flight
 J - 2 potions of magic {!q!d}


   Skills:
 - Level 5.0 Fighting
 - Level 2.0 Dodging
 - Level 1.0 Stealth
 - Level 3.0 Unarmed Combat
 - Level 2.0 Spellcasting
 - Level 6.1 Transmutations
 * Level 5.4 Ice Magic
 - Level 1.0 Poison Magic
 * Level 6.0 Invocations
 - Level 3.0 Evocations


You had 2 spell levels left.
You knew the following spells:

 Your Spells              Type           Power      Damage    Failure   Level
a - Beastly Appendage     Tmut           60%        N/A       1%          1
b - Wereblood             Tmut           30%        N/A       1%          2
c - Spider Form           Tmut/Pois      18%        N/A       9%          3
d - Ice Form              Ice/Tmut       29%        N/A       12%         4

Your spell library contained the following spells:

 Spells                   Type           Power      Damage    Failure   Level
 Corpse Rot               Necr/Air       4%         N/A       19%         2
 Static Discharge         Conj/Air       2%         N/A       19%         2
 Ignite Poison            Fire/Tmut/Pois 19%        N/A       14%         3
 Mephitic Cloud           Conj/Pois/Air  3%         N/A       34%         3
 Gell's Gravitas          Tloc           2%         N/A       36%         3
 Teleport Other           Tloc           2%         N/A       36%         3
 Summon Ice Beast         Ice/Summ       14%        N/A       38%         4
 Dispel Undead            Necr           2%         3d7       77%         4
 Sticky Flame             Conj/Fire      3%         2d3       77%         4
 Freezing Cloud           Conj/Ice/Air   5%         6-21      86%         5
 Summon Mana Viper        Hex/Summ       2%         N/A       98%         5
 Death Channel            Necr           1%         N/A       100%        6
 Dispersal                Tloc           1%         N/A       100%        6
 Monstrous Menagerie      Summ           1%         N/A       100%        7


Dungeon Overview and Level Annotations

Branches:
Dungeon (7/15)
 Temple: D:4-7

Altars:
Cheibriados
Makhleb
Qazlal

Shops:
D:5 *   D:6 [*

Annotations:
D:3 1 runed translucent door, Ijyb; bchevrier's ghost, amateur GnWr
D:6 1 runed translucent door, 5 exclusions
D:7 exclusions: jelly and ugly thing


Innate Abilities, Weirdness & Mutations

You are a creature of crystalline ice.
You have a powerful freezing melee attack.
Your maximum health is increased.
Your armour is entirely melded.
You are incapable of wielding weapons or throwing items.
You cannot wear most types of armour.
You are amphibious.
You can wear up to eight rings at the same time.
((Your skin changes colour to match your surroundings (Stealth+).))
((Your rubbery body absorbs attacks. (AC +1, EV +1)))
((You are camouflaged when in or above water. (Stealth+)))
((You have tentacles for arms and can constrict up to eight enemies at once.))


Message History

Cheibriados raises the support of your attributes as your movement slows.
Your Invocations skill increases to level 6!
A phantom comes into view.
The shadow imp picks up a beetle and eats it.
The phantom moves out of view.
A wight comes into view.
It is wielding a +0 great sword and wearing a +0 robe of cold resistance.
The cyan ugly thing misses you. The cyan ugly thing misses you.
There is an open door here.
There's nothing to close nearby.
As you read the scroll labelled ZIPHAA ZOUS, it crumbles to dust.
The creatures around you are filled with an inner flame!
It was a scroll of immolation.
The cyan ugly thing punches you but does no damage.
As you read the scroll labelled MOANNI QOLATU, it crumbles to dust.
Your body is wracked with pain!
The cyan ugly thing convulses!
Flame seeps out of the cyan ugly thing.
The centaur convulses!
Flame seeps out of the centaur.
It was a scroll of torment.
The centaur is engulfed in blazing flames.
Flame seeps out of the centaur.
The cyan ugly thing is engulfed in blazing flames.
Flame seeps out of the cyan ugly thing.
The cyan ugly thing punches you. The cyan ugly thing shocks you!
* * * LOW HITPOINT WARNING * * *
As you read the scroll labelled HIPLAT XUJO, it crumbles to dust.
You speak a Word of immense power!
The vampire mosquito convulses!
Cheibriados thoroughly appreciates the change of pace.
The shadow imp convulses!
Cheibriados appreciates the change of pace.
The phantom convulses!
Cheibriados appreciates the change of pace.
It was a scroll of holy word.
The phantom explodes!
The shadow imp explodes!
Cheibriados thoroughly appreciates the change of pace.
You feel a bit more experienced.
The fiery explosion engulfs the cyan ugly thing!!
Cheibriados appreciates the change of pace.
The cyan ugly thing explodes!
The fiery explosion engulfs you!!
You die...

##.# ##.## z..
.....##...##...
.....#.....#.#
........#....# .....#§....#
# .. .... ##§○.##.# #.#
###.#####§###.#
....#.....#.§§○§..#
##..#..)..#.###Y###
.....(?!...#....###########
#. #..(..#.#..............#
#..#.....#.#..............#
#..###.###.#..............#
#..........#....##...##...#
#..........#....##...##...#
#####......'.........##...#
...
#......#..........'...#....


There were no monsters in sight!

Vanquished Creatures
  An ugly thing (D:7)
  Prince Ribbit (D:5)
  A vampire mosquito (D:7)
  Edmund (D:6)
  A water moccasin (D:5)
  A sky beast (D:7)
  3 black bears
  3 centaurs
  2 phantoms (D:7)
  A kobold brigand (D:6)
  A bullfrog (D:6)
  2 scorpions (D:5)
  A wyvern zombie (D:6)
  A wyvern skeleton (D:6)
  2 wights (D:6)
  A howler monkey (D:4)
  2 bullfrog skeletons
  Jessica (D:3)
  Natasha (thrice) (D:3)
  3 iguanas
  A hound zombie (D:5)
  A hound skeleton (D:4)
  6 adders
  2 shadow imps (D:7)
  2 worms (D:2)
  2 dart slugs
  5 orcs
  4 endoplasms
  2 giant cockroaches
  9 goblins
  2 hobgoblins
  4 jackals (D:5)
  9 kobolds
  2 quokkas
  13 ball pythons
  6 bats
  A frilled lizard (D:1)
  4 rats
107 creatures vanquished.

Vanquished Creatures (others)
  4 plants (D:6)
  6 withered plants (D:3)
10 creatures vanquished.

Grand Total: 117 creatures vanquished

Notes
Turn   | Place    | Note
-------+----------+-------------------------------------------
     0 | D:1      | buhh the Octopode Transmuter began the quest for the Orb.
     0 | D:1      | Reached XP level 1. HP: 13/13 MP: 3/3
   376 | D:1      | Reached XP level 2. HP: 19/19 MP: 3/5
  1632 | D:2      | Reached XP level 3. HP: 24/25 MP: 4/6
  2468 | D:3      | Noticed Jessica
  2468 | D:3      | Noticed Natasha
  2473 | D:3      | Killed Jessica
  2474 | D:3      | Reached XP level 4. HP: 33/33 MP: 5/7
  2503 | D:3      | Killed Natasha
  2705 | D:3      | Found a faded altar of an unknown god.
  2765 | D:3      | Noticed Natasha
  2779 | D:3      | Found a runed translucent door.
  2780 | D:3      | Noticed bchevrier's ghost (amateur GnWr)
  2787 | D:3      | Reached XP level 5. HP: 30/38 MP: 8/8
  2792 | D:3      | Killed Natasha
  2806 | D:3      | Noticed Natasha
  2816 | D:3      | Killed Natasha
  3020 | D:3      | Learned a level 2 spell: Wereblood
  3024 | D:3      | Learned a level 3 spell: Spider Form
  3427 | D:3      | Noticed Ijyb
  3871 | D:4      | Reached XP level 6. HP: 45/45 MP: 7/9
  4550 | D:5      | Entered Level 5 of the Dungeon
  4693 | D:5      | Noticed a black bear
  4801 | D:5      | Noticed Prince Ribbit
  4829 | D:5      | Found a snail-covered altar of Cheibriados.
  4838 | D:5      | Became a worshipper of Cheibriados the Contemplative
  4852 | D:5      | Found Dicusko's General Store.
  4860 | D:5      | Bought a scroll of identify for 24 gold pieces
  4968 | D:5      | Killed a black bear
  4969 | D:5      | Reached XP level 7. HP: 50/50 MP: 10/10
  4978 | D:5      | Learned a level 4 spell: Ice Form
  5317 | D:5      | Found a burning altar of Makhleb.
  5722 | D:6      | Reached XP level 8. HP: 25/55 MP: 9/11
  5961 | D:6      | Found Bimper's Antique Armour Boutique.
  6265 | D:6      | Identified the +1 pair of boots of Umidgh Ruyla {+Blink
                  | Dex+4}
  6449 | D:6      | Noticed Edmund
  6895 | D:6      | Killed Edmund
  6929 | D:6      | Reached * piety under Cheibriados
  7111 | D:6      | Found a runed translucent door.
  7148 | D:6      | Found Qestronn's Elemental Accessories.
  7363 | D:7      | Found a stormy altar of Qazlal.
  7397 | D:7      | Noticed a cyan ugly thing
  7769 | D:5      | Killed Prince Ribbit
  7770 | D:5      | Reached XP level 9. HP: 29/61 MP: 10/13
  8129 | D:7      | Killed a cyan ugly thing
  8129 | D:7      | Killed by an exploding cyan ugly thing... ignited by their
                  | inner flame

Illustrated notes

Levels and vault maps discovered:
D:1:      psy_arrival_conway, layout_basic
D:2:      layout_basic, st_stairs_14, chequers_mini_garden
D:3:      layout_rooms, regret_index_temple_of_mockery,
          mainiacjoe_overflow_alcove_2, ebering_ghost_reflecting_pool,
          shapermc_ecumenical_altar_flowoftime, uniq_jessica, uniq_ijyb,
          uniq_natasha
D:4:      layout_basic
D:5:      layout_basic, mainiacjoe_overflow_catch_the_wave, serial_shops,
          nicolae_shop_statue_plus, uniq_prince_ribbit1
D:6:      layout_cave_pods, serial_shops, nicolae_shop_overgrown_old_shop,
          nicolae_elemental_shop, serial_bayou_pond_b, lightli_church_of_beogh,
          uniq_edmund
D:7:      layout_gridville, kennysheep_mini_moat,
          minmay_temple_entry_drinking_statues, minmay_chambers_of_fives

Skill      XL: |  1  2  3  4  5  6  7  8  9 |
---------------+----------------------------+-----
Stealth        | 1 |  1.0
Fighting       | 2 3 4 5 |  5.0
Transmutations | 3 4 6 |  6.1
Evocations     | 2 3 |  3.0
Poison Magic   | 1 |  1.0
Ice Magic      | 1 5 |  5.4
Invocations    | 1 5 6 |  6.0
Dodging        | |  2.0
Unarmed Combat | |  3.0
Spellcasting   | |  2.0

Action                   |  1- 3 |  4- 6 |  7- 9 || total
-------------------------+-------+-------+-------++-------
Melee: Unarmed           |    71 |   110 |   142 ||   323
       Kick              |    17 |    42 |    22 ||    81
       Constrict         |    18 |    31 |    11 ||    60
       Tentacles         |    11 |    28 |    22 ||    61
       Punch             |     4 |     4 |     3 ||    11
 Cast: Beastly Appendage |    22 |    30 |    11 ||    63
       Spider Form       |       |       |    10 ||    10
       Ice Form          |       |       |     2 ||     2
Evoke: Wand              |       |     3 |     9 ||    12
  Use: Scroll            |       |     4 |     9 ||    13
       Potion            |       |       |     2 ||     2
 Stab: Sleeping          |     6 |     9 |     2 ||    17
       Paralysed         |       |     4 |    28 ||    32
Armor: Skin              |    14 |     5 |    18 ||    37
Dodge: Dodged            |    51 |    52 |    89 ||   192
Block: Buckler           |       |     3 |    10 ||    13
